[Event "Drogheda Congress (Thomson Masters) 2026"]
[Site "Drogheda IRL"]
[Date "2026.05.30"]
[Round "1.1"]
[White "Ivanov, Andrey"]
[Black "Kanyamarala, Tarun"]
[Result "0-1"]
[WhiteTitle "CM"]
[BlackTitle "IM"]
[WhiteElo "2086"]
[BlackElo "2418"]
[WhiteICU "2102"]
[BlackICU "2441"]
[WhiteClub "Malahide"]
[BlackClub "Dublin"]
[WhiteNationality "IRL"]
[BlackNationality "IRL"]
[WhiteFideId "2514311"]
[BlackFideId "45004714"]
[PlyCount "28"]
[ECO "A17"]
[Opening "English"]
[Variation "Nimzo-English opening"]
[FIDETournamentId "480233"]
[ChessResultsKey "1423859"]
[EventSection "1/4"]
[Venue "St Mary's Parish Primary School, Bryanstown, Drogheda A92 XD80"]
[EventDate "2026.05.30"]
[TimeControl "5400+30"]

{ Event information: <a
href="https://www.irlchess.com/drogheda2026_allfiles/pairings_drogheda2026.html">Tournament
report</a>. }

1. Nf3 Nf6 2. c4 e6 3. Nc3 Bb4 4. g4 h6 5. Rg1 b6 6. Qc2 Bb7 7. g5 hxg5 8.
Nxg5 Qe7 9. Nb5 Na6 10. a3 Bd6 11. Nxd6+ cxd6 12. e4 Rxh2 13. d4 Rh4 14.
Bd3 Rc8 0-1

[Event "Drogheda Congress (Thomson Masters) 2026"]
[Site "Drogheda IRL"]
[Date "2026.05.30"]
[Round "1.2"]
[White "Artemenko, Oleg"]
[Black "Cole, Ethan"]
[Result "1/2-1/2"]
[WhiteTitle "FM"]
[WhiteElo "2330"]
[BlackElo "2006"]
[WhiteICU "2383"]
[BlackICU "2032"]
[BlackClub "Bangor"]
[WhiteNationality "UZB"]
[BlackNationality "IRL"]
[WhiteFideId "14201798"]
[BlackFideId "2514818"]
[PlyCount "92"]
[ECO "D31"]
[Opening "QGD"]
[Variation "Janowski variation"]
[FIDETournamentId "480233"]
[ChessResultsKey "1423859"]
[EventSection "1/4"]
[Venue "St Mary's Parish Primary School, Bryanstown, Drogheda A92 XD80"]
[EventDate "2026.05.30"]
[TimeControl "5400+30"]

{ Event information: <a
href="https://www.irlchess.com/drogheda2026_allfiles/pairings_drogheda2026.html">Tournament
report</a>. }

1. d4 d5 2. c4 e6 3. Nc3 a6 4. cxd5 exd5 5. Nf3 Nc6 6. g3 Nf6 7. Bg2 Bf5 8.
O-O Qd7 9. Ne5 Qe6 10. Nxc6 Qxc6 11. Qb3 Be6 12. Bg5 Rd8 13. Rac1 Qb6 14.
Qxb6 cxb6 15. Na4 b5 16. Nc5 Bxc5 17. Rxc5 h6 18. Bf4 Ke7 19. Rc7+ Rd7 20.
Rfc1 Rd8 21. Rxd7+ Rxd7 22. f3 Ne8 23. Kf2 Nd6 24. Bd2 b6 25. Rc6 a5 26. b3
Rb7 27. e4 Kd7 28. Rc1 Rc7 29. Rxc7+ Kxc7 30. Bf4 Kc6 31. Ke3 f5 32. Bxd6
Kxd6 33. e5+ Kc6 34. f4 g6 35. h3 h5 36. a3 b4 37. axb4 axb4 38. Bf1 b5 39.
Bd3 Kb6 40. g4 h4 41. Be2 Kc6 42. Bf3 Kb6 43. gxf5 gxf5 44. Bh5 Kc6 45.
Be8+ Kb6 46. Kf3 Ka6 1/2-1/2

[Event "Drogheda Congress (Thomson Masters) 2026"]
[Site "Drogheda IRL"]
[Date "2026.05.30"]
[Round "1.3"]
[White "Barnes, Oliver"]
[Black "Balaji, Aaravamudhan"]
[Result "0-1"]
[BlackTitle "IM"]
[WhiteElo "1966"]
[BlackElo "2304"]
[WhiteICU "2022"]
[WhiteNationality "IRL"]
[BlackNationality "ENG"]
[WhiteFideId "2517604"]
[BlackFideId "436224"]
[PlyCount "138"]
[ECO "B06"]
[Opening "Robatsch (modern) defence"]
[FIDETournamentId "480233"]
[ChessResultsKey "1423859"]
[EventSection "1/4"]
[Venue "St Mary's Parish Primary School, Bryanstown, Drogheda A92 XD80"]
[EventDate "2026.05.30"]
[TimeControl "5400+30"]

{ Event information: <a
href="https://www.irlchess.com/drogheda2026_allfiles/pairings_drogheda2026.html">Tournament
report</a>. }

1. e4 g6 2. d4 Bg7 3. Nf3 d6 4. Nbd2 Nf6 5. Bd3 O-O 6. O-O Nc6 7. Re1 e5 8.
dxe5 Nxe5 9. Nxe5 dxe5 10. Nc4 Bg4 11. f3 Be6 12. Be3 Nd7 13. a4 a5 14. c3
Qe7 15. Qc2 f6 16. Bf1 Rfd8 17. b4 b6 18. Rab1 Qf7 19. Na3 Bf8 20. Red1
Rdc8 21. g3 axb4 22. cxb4 c5 23. bxc5 Bxc5 24. Bxc5 Nxc5 25. Nb5 Nxa4 26.
Qd2 Qe7 27. Qd6 Qxd6 28. Rxd6 Kf7 29. Rbd1 Ke7 30. Kf2 Rd8 31. Ke3 Rxd6 32.
Rxd6 Bd7 33. Rd2 Rc8 34. h4 Rc5 35. Na3 Rc3+ 36. Rd3 Rxd3+ 37. Kxd3 Kd6 38.
Kc4 Nc5 39. Kb4 Ne6 40. Be2 Nd4 41. Bd1 Nc6+ 42. Kb5 Kc7 43. Kc4 Be6+ 44.
Kb5 Bd7 45. Kc4 Nd4 46. Kb4 Bc6 47. Nc4 b5 48. Ne3 Kd6 49. g4 Bd7 50. Nf1
Ne6 51. Be2 Nc7 52. Ne3 Kc6 53. Bf1 Be6 54. Be2 Kb6 55. Nc2 Na6+ 56. Kc3
Kc5 57. Bf1 b4+ 58. Kb2 Nb8 59. Ne1 Nc6 60. Be2 Bc4 61. Bd1 Kd4 62. Ng2 Kd3
63. g5 fxg5 64. hxg5 Nd4 65. Ba4 Nxf3 66. Bc6 Nxg5 67. Ne1+ Ke3 68. Nc2+
Kf4 69. Nxb4 Nxe4 0-1

[Event "Drogheda Congress (Thomson Masters) 2026"]
[Site "Drogheda IRL"]
[Date "2026.05.30"]
[Round "1.4"]
[White "Flynn, Jacob"]
[Black "Cummins, Sean"]
[Result "1-0"]
[WhiteTitle "CM"]
[WhiteElo "2241"]
[BlackElo "1910"]
[WhiteICU "2303"]
[BlackICU "2010"]
[WhiteClub "Malahide"]
[BlackClub "Drogheda"]
[WhiteNationality "IRL"]
[BlackNationality "IRL"]
[WhiteFideId "2509393"]
[BlackFideId "2512084"]
[PlyCount "95"]
[ECO "B90"]
[Opening "Sicilian"]
[Variation "Najdorf, Byrne (English) attack"]
[FIDETournamentId "480233"]
[ChessResultsKey "1423859"]
[EventSection "1/4"]
[Venue "St Mary's Parish Primary School, Bryanstown, Drogheda A92 XD80"]
[EventDate "2026.05.30"]
[TimeControl "5400+30"]
[BlackFullName "Cummins, Se&aacute;n"]

{ Event information: <a
href="https://www.irlchess.com/drogheda2026_allfiles/pairings_drogheda2026.html">Tournament
report</a>. }

1. e4 c5 2. Nf3 d6 3. d4 cxd4 4. Nxd4 Nf6 5. Nc3 a6 6. Be3 e5 7. Nf3 Be6 8.
Ng5 Be7 9. Nxe6 fxe6 10. Bc4 Qd7 11. Qf3 Nc6 12. Qh3 Nd8 13. Bb3 b5 14.
O-O-O Rb8 15. f3 O-O 16. g4 Ne8 17. g5 Qc8 18. Rhg1 g6 19. Qg4 a5 20. a4
bxa4 21. Bxa4 Qc4 22. Rd3 Ng7 23. Rgd1 Qb4 24. Bb3 Kh8 25. Na4 Nc6 26. Rc3
Rfc8 27. Qg1 Nd4 28. Bxd4 exd4 29. Rxd4 Bxg5+ 30. Kb1 Qb5 31. Rxd6 Qe5 32.
Rdc6 Rxc6 33. Rxc6 Bf4 34. h3 Rf8 35. Qc5 Qxc5 36. Nxc5 e5 37. Nd7 Ra8 38.
Rc5 Nh5 39. Nxe5 Bxe5 40. Rxe5 Rf8 41. c4 Rxf3 42. Ka2 Nf4 43. Rxa5 Nd3 44.
Rb5 Rxh3 45. c5 Rh5 46. Bd5 Re5 47. c6 Re8 48. c7 1-0

[Event "Drogheda Congress (Thomson Masters) 2026"]
[Site "Drogheda IRL"]
[Date "2026.05.30"]
[Round "1.5"]
[White "Fil, Alkim Alper"]
[Black "Melaugh, Shane"]
[Result "1-0"]
[BlackTitle "FM"]
[WhiteElo "1930"]
[BlackElo "2254"]
[WhiteICU "2003"]
[BlackICU "2265"]
[WhiteClub "C.C.Y.M.S."]
[BlackClub "Elm Mount"]
[WhiteNationality "TUR"]
[BlackNationality "IRL"]
[WhiteFideId "6309747"]
[BlackFideId "2509580"]
[PlyCount "48"]
[ECO "A40"]
[Opening "Queen's pawn"]
[FIDETournamentId "480233"]
[ChessResultsKey "1423859"]
[EventSection "1/4"]
[Venue "St Mary's Parish Primary School, Bryanstown, Drogheda A92 XD80"]
[EventDate "2026.05.30"]
[TimeControl "5400+30"]
[WhiteFullName "F&#305;l, Alkim Alper"]

{ Event information: <a
href="https://www.irlchess.com/drogheda2026_allfiles/pairings_drogheda2026.html">Tournament
report</a>. }

1. d4 e6 2. Nf3 f5 3. g3 Nf6 4. Bg2 Be7 5. O-O Ne4 6. c4 d5 7. Nbd2 Nc6 8.
e3 h5 9. Ne5 h4 10. Nxc6 bxc6 11. Nxe4 dxe4 12. f3 hxg3 13. fxe4 gxh2+ 14.
Kh1 Qd7 15. exf5 exf5 16. Qf3 Bb7 17. b4 Rb8 18. Qxf5 Qxf5 19. Rxf5 g6 20.
Ra5 a6 21. Rb1 Kd7 22. e4 c5 23. bxc5 Rh5 24. Ra3 Rh4 1-0

[Event "Drogheda Congress (Thomson Masters) 2026"]
[Site "Drogheda IRL"]
[Date "2026.05.30"]
[Round "1.6"]
[White "Kanyamarala, Trisha"]
[Black "Ozarpaci, Mert Can"]
[Result "1-0"]
[WhiteTitle "WGM"]
[WhiteElo "2193"]
[BlackElo "1863"]
[WhiteICU "2255"]
[BlackICU "1992"]
[WhiteClub "Dublin"]
[BlackClub "Raharney"]
[WhiteNationality "IRL"]
[BlackNationality "TUR"]
[WhiteFideId "45004722"]
[BlackFideId "34520651"]
[PlyCount "47"]
[ECO "A06"]
[Opening "Reti opening"]
[FIDETournamentId "480233"]
[ChessResultsKey "1423859"]
[EventSection "1/4"]
[Venue "St Mary's Parish Primary School, Bryanstown, Drogheda A92 XD80"]
[EventDate "2026.05.30"]
[TimeControl "5400+30"]

{ Event information: <a
href="https://www.irlchess.com/drogheda2026_allfiles/pairings_drogheda2026.html">Tournament
report</a>. }

1. Nf3 d5 2. e3 Nf6 3. c4 dxc4 4. Bxc4 e6 5. Nc3 a6 6. d4 c5 7. O-O Be7 8.
dxc5 Bxc5 9. Qxd8+ Kxd8 10. a3 b5 11. Be2 Ke8 12. b4 Be7 13. Bb2 Bb7 14.
Rac1 Nbd7 15. Rfd1 Rg8 $2 (15... Rc8 $14) 16. Nxb5 $1 axb5 17. Bxb5 $18
Bxf3 $6 (17... Bd5 18. Ne5 Rb8 19. Ba4 Rd8 20. e4 $18) 18. gxf3 Bd8 19.
Bxf6 gxf6+ 20. Kf1 Ra7 21. Rxd7 Rxd7 22. Rd1 Rg5 23. Bxd7+ Kf8 24. Bxe6 1-0

[Event "Drogheda Congress (Thomson Masters) 2026"]
[Site "Drogheda IRL"]
[Date "2026.05.30"]
[Round "1.7"]
[White "Hughes, Padraig"]
[Black "O'Cuilleanain, Oisin"]
[Result "1-0"]
[WhiteElo "1917"]
[BlackElo "2197"]
[WhiteICU "1984"]
[BlackICU "2227"]
[WhiteClub "Curragh"]
[BlackClub "Knights of Eanna"]
[WhiteNationality "IRL"]
[BlackNationality "IRL"]
[WhiteFideId "2505690"]
[BlackFideId "2514249"]
[PlyCount "75"]
[ECO "B90"]
[Opening "Sicilian"]
[Variation "Najdorf, Byrne (English) attack"]
[FIDETournamentId "480233"]
[ChessResultsKey "1423859"]
[EventSection "1/4"]
[Venue "St Mary's Parish Primary School, Bryanstown, Drogheda A92 XD80"]
[EventDate "2026.05.30"]
[TimeControl "5400+30"]
[WhiteFullName "Hughes, P&aacute;draig"]
[BlackFullName "O'Cuillean&aacute;in, Ois&iacute;n"]

{ Event information: <a
href="https://www.irlchess.com/drogheda2026_allfiles/pairings_drogheda2026.html">Tournament
report</a>. }

1. e4 c5 2. Nf3 d6 3. d4 cxd4 4. Nxd4 Nf6 5. Nc3 a6 6. Be3 e5 7. Nf3 Be7 8.
Bc4 O-O 9. O-O Nc6 10. Bg5 Be6 11. Bb3 Nd7 12. Bxe7 Qxe7 13. Nd5 Bxd5 14.
Bxd5 Rad8 15. Qe2 Nc5 16. Bxc6 bxc6 17. b4 Ne6 18. Qxa6 Nf4 19. Rfe1 Qe6
20. g3 Nh3+ 21. Kg2 f5 22. Qxc6 fxe4 23. Qxe4 Rxf3 24. Qxf3 Rf8 25. Qe3
Nxf2 26. Qb3 d5 27. Rf1 Qb6 28. Qxd5+ Kh8 29. Rad1 e4 30. Qc5 Qxc5 31. bxc5
e3 32. Rde1 Rc8 33. Rxe3 Ng4 34. Re7 h6 35. Rf4 Nf6 36. Rc4 Nd5 37. Re5 Nb6
38. cxb6 1-0

[Event "Drogheda Congress (Thomson Masters) 2026"]
[Site "Drogheda IRL"]
[Date "2026.05.30"]
[Round "1.8"]
[White "Liu, Jason"]
[Black "Nichenametla V, Advaith"]
[Result "1/2-1/2"]
[WhiteTitle "FM"]
[WhiteElo "2252"]
[BlackElo "1915"]
[WhiteICU "2220"]
[BlackICU "1969"]
[WhiteClub "Gonzaga"]
[BlackClub "Master C.C."]
[WhiteNationality "IRL"]
[BlackNationality "IRL"]
[WhiteFideId "2514656"]
[BlackFideId "2516896"]
[PlyCount "50"]
[ECO "C02"]
[Opening "French"]
[Variation "advance, Euwe variation"]
[FIDETournamentId "480233"]
[ChessResultsKey "1423859"]
[EventSection "1/4"]
[Venue "St Mary's Parish Primary School, Bryanstown, Drogheda A92 XD80"]
[EventDate "2026.05.30"]
[TimeControl "5400+30"]

{ Event information: <a
href="https://www.irlchess.com/drogheda2026_allfiles/pairings_drogheda2026.html">Tournament
report</a>. }

1. e4 e6 2. d4 d5 3. e5 c5 4. c3 Nc6 5. Nf3 Bd7 6. Be2 Nge7 7. O-O Nf5 8.
Na3 cxd4 9. cxd4 Be7 10. Nc2 O-O 11. Bd3 f6 12. Bxf5 exf5 13. Re1 Be8 14.
Bf4 Bh5 15. Qd3 Kh8 16. exf6 Bxf6 17. Ne5 Bg5 18. Qe3 Bxf4 19. Qxf4 Rc8 20.
Nxc6 Rxc6 21. Nb4 Rc4 22. Nd3 Qb6 23. Qg5 Qxd4 24. Qxh5 Qxd3 25. Rad1 Re4
1/2-1/2

[Event "Drogheda Congress (Thomson Masters) 2026"]
[Site "Drogheda IRL"]
[Date "2026.05.30"]
[Round "1.9"]
[White "Andhurthi, Sreeyan"]
[Black "Daly, Colm"]
[Result "1/2-1/2"]
[BlackTitle "FM"]
[WhiteElo "1933"]
[BlackElo "2191"]
[WhiteICU "1943"]
[BlackICU "2192"]
[WhiteClub "Blanchardstown"]
[BlackClub "U.C.D."]
[WhiteNationality "IRL"]
[BlackNationality "IRL"]
[WhiteFideId "2523531"]
[BlackFideId "2500434"]
[PlyCount "127"]
[ECO "B42"]
[Opening "Sicilian"]
[Variation "Kan, 5.Bd3"]
[FIDETournamentId "480233"]
[ChessResultsKey "1423859"]
[EventSection "1/4"]
[Venue "St Mary's Parish Primary School, Bryanstown, Drogheda A92 XD80"]
[EventDate "2026.05.30"]
[TimeControl "5400+30"]

{ Event information: <a
href="https://www.irlchess.com/drogheda2026_allfiles/pairings_drogheda2026.html">Tournament
report</a>. }

1. e4 c5 2. Nf3 e6 3. d4 cxd4 4. Nxd4 a6 5. Bd3 Nf6 6. Qe2 d6 7. O-O g6 8.
c4 Bg7 9. Nc3 O-O 10. Be3 Qc7 11. f3 Nbd7 12. Rac1 b6 13. Rfd1 Bb7 14. b4
Rfc8 15. Na4 Bf8 16. a3 Qb8 17. Qf2 Be7 18. Nb2 a5 19. b5 Nc5 20. g3 Qc7
21. Bc2 Re8 22. Nd3 d5 23. cxd5 exd5 24. Bf4 Qc8 25. e5 Nh5 26. Kg2 Qd7 27.
a4 Nxd3 28. Bxd3 Nxf4+ 29. gxf4 Bc5 30. Bb1 Rac8 31. Rc2 f6 32. Qg3 Qg7 33.
e6 f5 34. Nc6 Kh8 35. Ne5 Rxe6 36. h4 Rce8 37. Ba2 Bd6 38. Bxd5 Bxd5 39.
Rxd5 Bxe5 40. fxe5 Rxe5 41. Rxe5 Qxe5 42. Qxe5+ Rxe5 43. Rc6 Re2+ 44. Kg3
Ra2 45. Rxb6 Rxa4 46. Ra6 Kg7 47. b6 Rb4 48. Rxa5 Kf6 49. b7 Rxb7 50. Rc5
Rd7 51. Ra5 Rd4 52. Ra6+ Ke5 53. Ra5+ Rd5 54. Ra4 Rc5 55. Rb4 Rc7 56. Ra4
Kd5 57. Kf4 h6 58. h5 gxh5 59. Kxf5 Rf7+ 60. Kg6 Rxf3 61. Kxh6 Rh3 62. Ra5+
Ke4 63. Rxh5 Rxh5+ 64. Kxh5 1/2-1/2

[Event "Drogheda Congress (Thomson Masters) 2026"]
[Site "Drogheda IRL"]
[Date "2026.05.30"]
[Round "1.10"]
[White "Bartczak, Korneliusz"]
[Black "Liu, Murray"]
[Result "0-1"]
[WhiteElo "2130"]
[BlackElo "1839"]
[WhiteICU "2138"]
[BlackICU "1933"]
[WhiteClub "Limerick"]
[BlackClub "Blanchardstown"]
[WhiteNationality "IRL"]
[BlackNationality "IRL"]
[WhiteFideId "2523558"]
[BlackFideId "2517191"]
[PlyCount "58"]
[ECO "B76"]
[Opening "Sicilian"]
[Variation "dragon, Yugoslav attack, Rauser variation"]
[FIDETournamentId "480233"]
[ChessResultsKey "1423859"]
[EventSection "1/4"]
[Venue "St Mary's Parish Primary School, Bryanstown, Drogheda A92 XD80"]
[EventDate "2026.05.30"]
[TimeControl "5400+30"]

{ Event information: <a
href="https://www.irlchess.com/drogheda2026_allfiles/pairings_drogheda2026.html">Tournament
report</a>. }

1. e4 c5 2. Nf3 d6 3. d4 cxd4 4. Nxd4 Nf6 5. Nc3 g6 6. Be3 Bg7 7. f3 O-O 8.
Qd2 Nc6 9. O-O-O d5 10. exd5 Nxd5 11. Nxc6 bxc6 12. Bd4 e5 13. Bc5 Be6 14.
Ne4 Re8 15. h4 h5 16. Bc4 Qc7 17. Ng5 Nf4 18. Bxe6 Nxe6 19. Be3 Nxg5 20.
hxg5 Rad8 21. Qf2 Qa5 22. Kb1 Rb8 23. b3 e4 24. fxe4 Rxe4 25. Bd4 Rxd4 26.
Rxd4 Qc3 27. Rhd1 c5 28. Qf4 Re8 29. Rf1 Re1+ 0-1

[Event "Drogheda Congress (Thomson Masters) 2026"]
[Site "Drogheda IRL"]
[Date "2026.05.30"]
[Round "2.1"]
[White "Kanyamarala, Tarun"]
[Black "Fil, Alkim Alper"]
[Result "1-0"]
[WhiteTitle "IM"]
[WhiteElo "2418"]
[BlackElo "1930"]
[WhiteICU "2441"]
[BlackICU "2003"]
[WhiteClub "Dublin"]
[BlackClub "C.C.Y.M.S."]
[WhiteNationality "IRL"]
[BlackNationality "TUR"]
[WhiteFideId "45004714"]
[BlackFideId "6309747"]
[PlyCount "59"]
[ECO "B28"]
[Opening "Sicilian"]
[Variation "O'Kelly variation"]
[FIDETournamentId "480233"]
[ChessResultsKey "1423859"]
[EventSection "1/4"]
[Venue "St Mary's Parish Primary School, Bryanstown, Drogheda A92 XD80"]
[EventDate "2026.05.30"]
[TimeControl "5400+30"]
[BlackFullName "F&#305;l, Alkim Alper"]

{ Event information: <a
href="https://www.irlchess.com/drogheda2026_allfiles/pairings_drogheda2026.html">Tournament
report</a>. }

1. e4 c5 2. Nf3 a6 3. c3 d5 4. exd5 Qxd5 5. Be2 e6 6. O-O Nf6 7. Na3 Be7 8.
Nc4 Nbd7 9. Re1 b5 10. Nfe5 Nxe5 11. Nxe5 Rb8 12. Bf3 Qd6 13. d4 cxd4 14.
Bf4 Nd5 15. Bg3 Qb6 16. c4 f6 17. Nc6 Qxc6 18. cxd5 Qb6 19. Bxb8 Qxb8 20.
dxe6 Qb6 21. Re4 Bc5 22. Rc1 O-O 23. e7 Re8 24. b4 Bxe7 25. Rxe7 Rxe7 26.
Rxc8+ Kf7 27. Bd5+ Kg6 28. Qg4+ Kh6 29. Qh4+ Kg6 30. Be4+ 1-0

[Event "Drogheda Congress (Thomson Masters) 2026"]
[Site "Drogheda IRL"]
[Date "2026.05.30"]
[Round "2.2"]
[White "Balaji, Aaravamudhan"]
[Black "Hughes, Padraig"]
[Result "1-0"]
[WhiteTitle "IM"]
[WhiteElo "2304"]
[BlackElo "1917"]
[BlackICU "1984"]
[BlackClub "Curragh"]
[WhiteNationality "ENG"]
[BlackNationality "IRL"]
[WhiteFideId "436224"]
[BlackFideId "2505690"]
[PlyCount "99"]
[ECO "A05"]
[Opening "Reti"]
[Variation "King's Indian attack"]
[FIDETournamentId "480233"]
[ChessResultsKey "1423859"]
[EventSection "1/4"]
[Venue "St Mary's Parish Primary School, Bryanstown, Drogheda A92 XD80"]
[EventDate "2026.05.30"]
[TimeControl "5400+30"]
[BlackFullName "Hughes, P&aacute;draig"]

{ Event information: <a
href="https://www.irlchess.com/drogheda2026_allfiles/pairings_drogheda2026.html">Tournament
report</a>. }

1. Nf3 Nf6 2. g3 g6 3. Bg2 Bg7 4. O-O O-O 5. d3 d5 6. Nbd2 Nbd7 7. e4 dxe4
8. dxe4 Nc5 9. e5 Nd5 10. Qe2 c6 11. Qc4 b6 12. Re1 Ba6 13. Qh4 e6 14. Qg4
h5 15. Qd4 Ne7 16. Qc3 Nd5 17. Qa3 Qc8 18. c4 Nc7 19. b4 Nd7 20. Bb2 c5 21.
b5 Bb7 22. Qe3 a6 23. a4 Rd8 24. Qf4 Nf8 25. Ne4 Bxe4 26. Qxe4 axb5 27.
axb5 Ne8 28. Qf4 Rxa1 29. Rxa1 Nd6 30. exd6 Bxb2 31. Ra7 Rd7 32. Rxd7 Qxd7
33. Ne5 Qa7 34. Nc6 Qa1+ 35. Bf1 Nd7 36. Ne7+ Kg7 37. Qe4 Bd4 38. Kg2 Qb2
39. Qe2 Qc3 40. Nc6 Bf6 41. Qe4 Qd2 42. Bd3 Qd1 43. Qe3 Qb3 44. Qe2 Qa3 45.
Be4 Qa1 46. Ne7 Be5 47. Nc8 f5 48. Bc6 Nf6 49. d7 Qd4 50. Qxe5 1-0

[Event "Drogheda Congress (Thomson Masters) 2026"]
[Site "Drogheda IRL"]
[Date "2026.05.30"]
[Round "2.3"]
[White "Liu, Murray"]
[Black "Flynn, Jacob"]
[Result "0-1"]
[BlackTitle "CM"]
[WhiteElo "1839"]
[BlackElo "2241"]
[WhiteICU "1933"]
[BlackICU "2303"]
[WhiteClub "Blanchardstown"]
[BlackClub "Malahide"]
[WhiteNationality "IRL"]
[BlackNationality "IRL"]
[WhiteFideId "2517191"]
[BlackFideId "2509393"]
[PlyCount "28"]
[ECO "C50"]
[Opening "King's pawn game"]
[FIDETournamentId "480233"]
[ChessResultsKey "1423859"]
[EventSection "1/4"]
[Venue "St Mary's Parish Primary School, Bryanstown, Drogheda A92 XD80"]
[EventDate "2026.05.30"]
[TimeControl "5400+30"]

{ Event information: <a
href="https://www.irlchess.com/drogheda2026_allfiles/pairings_drogheda2026.html">Tournament
report</a>. }

1. e4 e5 2. Nf3 Nc6 3. Bc4 d6 4. O-O Be6 5. Bxe6 fxe6 6. d4 exd4 7. Nxd4
Qd7 8. Nc3 Nf6 9. Bg5 Be7 10. Re1 O-O 11. Bxf6 Bxf6 12. Nxc6 Qxc6 13. Qd3
Bxc3 14. Qxc3 Qxc3 { ... ? } 0-1

[Event "Drogheda Congress (Thomson Masters) 2026"]
[Site "Drogheda IRL"]
[Date "2026.05.30"]
[Round "2.4"]
[White "Ryan, Joshua"]
[Black "Kanyamarala, Trisha"]
[Result "0-1"]
[BlackTitle "WGM"]
[WhiteElo "1874"]
[BlackElo "2193"]
[WhiteICU "1925"]
[BlackICU "2255"]
[WhiteClub "Knights of Eanna"]
[BlackClub "Dublin"]
[WhiteNationality "IRL"]
[BlackNationality "IRL"]
[WhiteFideId "2516705"]
[BlackFideId "45004722"]
[PlyCount "96"]
[ECO "A01"]
[Opening "Nimzovich-Larsen attack"]
[Variation "modern variation"]
[FIDETournamentId "480233"]
[ChessResultsKey "1423859"]
[EventSection "1/4"]
[Venue "St Mary's Parish Primary School, Bryanstown, Drogheda A92 XD80"]
[EventDate "2026.05.30"]
[TimeControl "5400+30"]

{ Event information: <a
href="https://www.irlchess.com/drogheda2026_allfiles/pairings_drogheda2026.html">Tournament
report</a>. }

1. b3 e5 2. Bb2 Nc6 3. c4 Nf6 4. Nf3 d6 5. e3 Bg4 6. h3 Bh5 7. d3 Be7 8.
Be2 Bg6 9. a3 a5 10. O-O Nd7 11. Nc3 O-O 12. Nd5 f5 13. b4 Bf6 14. Nd2 Ne7
15. Bf3 c6 16. Nxe7+ Qxe7 17. Qc2 e4 18. dxe4 Bxb2 19. Qxb2 fxe4 20. Be2 a4
21. Rad1 Bf5 22. Qd4 Rf6 23. Bg4 Bxg4 24. hxg4 Re8 25. Rfe1 Re6 26. c5 dxc5
27. bxc5 Nxc5 28. Nf1 Nd3 29. Re2 Qh4 30. Ng3 Rh6 31. Red2 Rf8 32. Qc4+ Kh8
33. Qxe4 Qh2+ 34. Kf1 Qxg3 35. Ke2 Nxf2 36. Rd8 Rf6 37. Qe7 Qxg4+ 38. Ke1
Qf5 39. Rxf8+ Rxf8 40. Rd8 Qa5+ 41. Rd2 Qf5 42. Rd8 Kg8 43. Rd7 Qb1+ 44.
Ke2 Qc2+ 45. Rd2 Qc4+ 46. Ke1 Nd3+ 47. Kd1 Qc1+ 48. Ke2 Qf1# 0-1

[Event "Drogheda Congress (Thomson Masters) 2026"]
[Site "Drogheda IRL"]
[Date "2026.05.30"]
[Round "2.5"]
[White "Nichenametla V, Advaith"]
[Black "Artemenko, Oleg"]
[Result "0-1"]
[BlackTitle "FM"]
[WhiteElo "1915"]
[BlackElo "2330"]
[WhiteICU "1969"]
[BlackICU "2383"]
[WhiteClub "Master C.C."]
[WhiteNationality "IRL"]
[BlackNationality "UZB"]
[WhiteFideId "2516896"]
[BlackFideId "14201798"]
[PlyCount "76"]
[ECO "B23"]
[Opening "Sicilian"]
[Variation "closed"]
[FIDETournamentId "480233"]
[ChessResultsKey "1423859"]
[EventSection "1/4"]
[Venue "St Mary's Parish Primary School, Bryanstown, Drogheda A92 XD80"]
[EventDate "2026.05.30"]
[TimeControl "5400+30"]

{ Event information: <a
href="https://www.irlchess.com/drogheda2026_allfiles/pairings_drogheda2026.html">Tournament
report</a>. }

1. e4 c5 2. Nc3 g6 3. Nge2 Bg7 4. g3 Nc6 5. Bg2 e6 6. d3 Nge7 7. O-O O-O 8.
h3 Nd4 9. a4 d6 10. f4 Rb8 11. g4 f5 12. Ng3 b6 13. Nce2 fxe4 14. dxe4 Ba6
15. c3 Nxe2+ 16. Nxe2 d5 17. e5 g5 18. Rf2 Ng6 19. Be3 Bxe2 20. Qxe2 gxf4
21. Bd2 Bxe5 22. Raf1 Qd6 23. g5 Nh4 24. Qg4 Nxg2 25. Kxg2 Rf5 26. Bxf4
Rbf8 27. Bxe5 Rxf2+ 28. Rxf2 Rxf2+ 29. Kxf2 Qxe5 30. Qh5 Qf5+ 31. Ke3 Kf8
32. Qh6+ Kf7 33. Qh5+ Ke7 34. h4 e5 35. Kd2 e4 36. Ke1 e3 37. Kd1 Qd3+ 38.
Kc1 e2 0-1